 Dungeon Crawl Stone Soup version 0.31-a0-536-ga3e2962e35 (webtiles) character file.

Game seed: 71146003274632189

139 MacCMillion the Stinger (level 5, -2/28 HPs)
             Began as a Tengu Venom Mage on Aug 13, 2023.
             Slain by a mummy (17 damage)
             ... in an ossuary.
             The game lasted 00:07:14 (4095 turns).

MacCMillion the Stinger (Tengu Venom Mage)          Turns: 4095, Time: 00:07:14

Health: -2/28      AC:  3    Str:  8    XL:     5   Next: 22%
Magic:  9/9        EV: 14    Int: 18    God:
Gold:   122        SH:  0    Dex: 16    Spells: 2/8 levels left

rFire   . . .        l - +2 dagger (elec)
rCold   . . .        (no shield)
rNeg    . . .        w - +0 leather armour of Hoot {Dex+2}
rPois   .            (helmet restricted)
rElec   .            (no cloak)
rCorr   .            (no gloves)
SInv    .            (boots unavailable)
Will    .....        m - amulet of regeneration
Stlth   ++           (no ring)
HPRegen 1.04/turn    (no ring)
MPRegen 0.11/turn

%: no passive effects
@: flying quickly and evasively, quick
A: beak, talons 3, nimble flight
a: no special abilities


You were in an ossuary.
You visited 1 branch of the dungeon, and saw 4 of its levels.
You also visited: Ossuary.

You collected 122 gold pieces.

Inventory:

Hand Weapons
 i - a +0 dagger
 l - a +2 dagger of electrocution (weapon)
Missiles
 r - 2 throwing nets
Armour
 a - a +0 robe
 v - a +0 leather armour
 w - the +0 leather armour of Hoot (worn) {Dex+2}
   (You took it off an orc on level 3 of the Dungeon)

   Dex+2:     It affects your dexterity (+2).
Jewellery
 m - an amulet of regeneration (around neck)
 p - an amulet of the acrobat
Wands
 n - a wand of flame (14)
 u - a wand of polymorph (6)
Scrolls
 e - 2 scrolls of revelation {unknown}
 h - a scroll of acquirement {unknown}
 k - a scroll of enchant weapon
 o - a scroll of immolation
 q - a scroll of poison {unknown}
 s - a scroll of vulnerability {unknown}
Potions
 b - 2 potions of magic
 c - a potion of invisibility {unknown}
 d - 3 potions of haste
 f - 4 potions of curing
 g - 3 potions of enlightenment
 j - a potion of degeneration {unknown}
 t - 2 potions of attraction {unknown}


   Skills:
 - Level 2.1 Dodging
 - Level 2.0 Stealth
 + Level 2.1 Spellcasting
 - Level 1.0 Transmutations
 + Level 3.0 Air Magic
 + Level 4.9 Poison Magic


You had 2 spell levels left.
You knew the following spells:

 Your Spells              Type           Power      Damage    Failure   Level
a - Sting                 Tmut/Pois      48%        1d5       8%          1
b - Poisonous Vapours     Pois/Air       32%        N/A       8%          2
c - Mephitic Cloud        Conj/Pois/Air  11%        N/A       26%         3

Your spell library contained the following spells:

 Spells                   Type           Power      Damage    Failure   Level
 Olgreb's Toxic Radiance  Pois           19%        N/A       32%         4


Dungeon Overview and Level Annotations

Branches:
Dungeon (4/15)            Ossuary (1/1)
 Temple: D:4-7

Altars:
Ashenzari
Cheibriados
Uskayaw
Xom
The Shining One


Innate Abilities, Weirdness & Mutations

You have a beak for a mouth.
You have claws for feet.
Your magical nature lets you fly swiftly and evasively.


Message History

The mummy is heavily damaged.
The mummy completely misses you.
You barely miss the mummy. You claw the mummy.
You peck the mummy, but do no damage.
The mummy is almost destroyed.
The mummy closely misses you.
You hit the mummy. Lightning courses through the mummy!
You destroy the mummy!
Your Air Magic skill increases to level 3!
f - 3 potions of curing (gained 1)
There is an open door here.
You reach down and open the door.
Found a potion of curing.
There is an open door here.
f - 4 potions of curing (gained 1)
There is an open door here.
As you open the door, it creaks loudly!
A mummy comes into view.
Found a scroll labelled GOGRAVUO YSAD.
You hit the mummy but do no damage. You peck the mummy, but do no damage.
You hit the mummy.
The mummy is lightly damaged.
The mummy misses you.
You barely miss the mummy. You claw the mummy. Your peck misses the mummy.
The mummy is moderately damaged.
You hit the mummy. Your kick misses the mummy.
You peck the mummy, but do no damage.
The mummy is heavily damaged.
The mummy hits you!
Ouch! That really hurt!
You hit the mummy but do no damage. You claw the mummy. You peck the mummy.
The mummy is heavily damaged.
The mummy barely misses you.
You hit the mummy. You claw the mummy.
The mummy is almost destroyed.
You hit the mummy.
The mummy is almost destroyed.
The mummy hits you!
Ouch! That really hurt!
You die...

.. .. ... .# .# #..# .#
..# #. #...
.#+#..#+#..#+#..##
.#.#..#.#..#.#...
.................
......# #.......####
..8...# #...8...@M?# .#
......#+#.......####..#
......#.#.............#
......................#
.####.....####..####..#
.# +...8...+ #...'.# .#
.####.....####..####..#
......................#
......#.#.............#


You could see a mummy.

Vanquished Creatures
  2 mummies (Ossuary)
  Robin (D:3)
  2 adders
  A worm (D:1)
  A dart slug (D:1)
  2 orcs (D:3)
  4 ball pythons
  6 bats
  3 endoplasms
  2 giant cockroaches
  A gnoll zombie (Ossuary)
  12 goblins
  7 hobgoblins
  6 jackals (D:2)
  3 kobolds
  2 quokkas
  7 frilled lizards
  4 goblin zombies (Ossuary)
  3 hobgoblin zombies (Ossuary)
  A kobold zombie (Ossuary)
  4 rats
74 creatures vanquished.

Notes
Turn   | Place    | Note
-------+----------+-------------------------------------------
     0 | D:1      | MacCMillion the Tengu Venom Mage began the quest for the
                  | Orb.
     0 | D:1      | Reached XP level 1. HP: 10/10 MP: 4/4
   222 | D:1      | Reached skill level 1 in Transmutations
   522 | D:1      | Reached XP level 2. HP: 15/15 MP: 4/6
  1093 | D:1      | Reached skill level 4 in Poison Magic
  1265 | D:1      | Reached XP level 3. HP: 3/19 MP: 3/7
  1353 | D:2      | Learned a level 2 spell: Poisonous Vapours
  1357 | D:2      | Learned a level 3 spell: Mephitic Cloud
  1719 | D:2      | Reached skill level 1 in Air Magic
  1825 | D:2      | Reached XP level 4. HP: 23/24 MP: 6/8
  2407 | D:3      | Found a snail-covered altar of Cheibriados.
  2408 | D:3      | Found a broken altar of Ashenzari.
  2409 | D:3      | Found a glowing golden altar of the Shining One.
  2410 | D:3      | Found a shimmering altar of Xom.
  2584 | D:3      | Identified the +0 leather armour of Hoot {Dex+2}
  2733 | D:3      | Found a hide-covered altar of Uskayaw.
  2853 | D:3      | Noticed Robin
  2889 | D:3      | Killed Robin
  3886 | D:4      | Found a sand-covered staircase.
  3897 | Ossuary  | Entered an ossuary
  3897 | Ossuary  | Noticed a wraith
  3897 | Ossuary  | Noticed a wraith
  3897 | Ossuary  | Noticed a wraith
  3958 | Ossuary  | Gained mutation: Your magical nature lets you fly swiftly
                  | and evasively. [Tengu growth]
  3958 | Ossuary  | Reached XP level 5. HP: 28/28 MP: 9/9
  4095 | Ossuary  | Slain by a mummy

Illustrated notes

Levels and vault maps discovered:
D:1:      giann_horns, layout_basic
D:2:      layout_rooms, nicolae_twisty_statue_hallways
D:3:      layout_loops_corners, mainiacjoe_overflow_alcove_3,
          mainiacjoe_overflow_six_doors_small, kennysheep_pointless_box,
          minmay_misc_feat_diagonals, minmay_misc_feat_four_crosses, uniq_robin
D:4:      layout_basic, kennysheep_mini_moat, minmay_temple_entry_fiery,
          lightli_ossuary_entry_decrepit_ruins, hangedman_decor_diamond_cutter,
          minmay_misc_feat_rugged
Ossuary:  ossuary_kennysheep_city_of_the_dead

Skill      XL: |  1  2  3  4  5 |
---------------+----------------+-----
Transmutations | 1 |  1.0
Poison Magic   | 4 |  4.9
Air Magic      | 1 2 3 |  3.0
Dodging        | |  2.1
Stealth        | |  2.0
Spellcasting   | |  2.1

Action                     |  1- 3 |  4- 6 || total
---------------------------+-------+-------++-------
  Melee: Unarmed           |     4 |       ||     4
         Kick              |     5 |    10 ||    15
         Dagger            |    14 |    52 ||    66
         Peck              |     3 |    13 ||    16
   Cast: Sting             |    61 |    18 ||    79
         Poisonous Vapours |     2 |    22 ||    24
    Use: Scroll            |       |     5 ||     5
   Stab: Sleeping          |       |     1 ||     1
 Armour: Robe              |     8 |     4 ||    12
         Leather armour    |       |     1 ||     1
  Dodge: Dodged            |    34 |    41 ||    75

Table legend: (Time is in decaauts)
 A = Elapsed time spent in this place.
 B = Non-inter-level travel time spent in this place.
 C = Inter-level travel time spent in this place.
 D = Time resting spent in this place.
 E = Time spent auto-exploring this place.
 F = Levels seen in this place.
 G = Mean time per level.
                   A        B        C        D        E       F      G
               +--------+--------+--------+--------+--------+-----+--------+
         Total |   4085 |   3808 |    277 |   1058 |   1974 |   5 |  817.0 |
       Dungeon |   3898 |   3621 |    277 |   1058 |   1974 |   4 |  974.5 |
       Ossuary |    187 |    187 |      0 |      0 |      0 |   1 |  187.0 |
               +--------+--------+--------+--------+--------+-----+--------+

Top non-repeatable levels by time:
     D:3: 1444 daAuts
     D:1: 1415 daAuts
     D:2: 980 daAuts
 Ossuary: 187 daAuts
     D:4: 59 daAuts
